TOP OF THE 1ST |
Detroit (APP) Tigers batting - Pitching for Great Falls Voyagers : LHP Nick Hamlin
|
Pitching: LHP Nick Hamlin
|
|
Batting: LHB Bill Ford
|
0-0: Ball 1-0: Ball 2-0: Called Strike 2-1: Ball 3-1: Foul Ball, location: 2F 3-2: Strikes out swinging
|
Batting: RHB Jose Evangelista
|
0-0: Swinging Strike 0-1: Foul Ball, location: 2F 0-2: Ball 1-2: Foul Ball, location: 2F 1-2: Strikes out looking
|
Batting: LHB Jon Pedlar
|
0-0: Ball 1-0: Called Strike 1-1: Ball 2-1: Foul Ball, location: 2F 2-2: Foul Ball, location: 2F 2-2: Fly out, F7 (Flyball, 7D, EV 105.0 MPH)
|
Top of the 1st over - 0 runs, 0 hits, 0 errors, 0 left on base; Detroit (APP) 0 - Great Falls 0 |
BOTTOM OF THE 1ST |
Great Falls Voyagers batting - Pitching for Detroit (APP) Tigers : RHP Alex Amparo
|
Pitching: RHP Alex Amparo
|
|
Batting: RHB Kasey Bland
|
0-0: Ground out 1-3 (Groundball, 13S, EV 66.2 MPH)
|
Batting: RHB Josh Newby
|
0-0: Called Strike 0-1: Ball 1-1: Called Strike 1-2: SINGLE (Line Drive, 9S, EV 100.6 MPH)
|
Batting: LHB Josh Pittman
|
0-0: Ball 1-0: Called Strike 1-1: Ball 2-1: Called Strike 2-2: Grounds into double play, 4-6-3 (Groundball, 34, EV 85.0 MPH)
|
Bottom of the 1st over - 0 runs, 1 hit, 0 errors, 0 left on base; Detroit (APP) 0 - Great Falls 0 |
TOP OF THE 2ND |
Detroit (APP) Tigers batting - Pitching for Great Falls Voyagers : LHP Nick Hamlin
|
Batting: SHB Ross Holland
|
0-0: Called Strike 0-1: Foul Ball, location: 2F 0-2: Ball 1-2: Strikes out swinging, 2-3 out at first.
|
Batting: LHB Jon Frederick
|
0-0: DOUBLE (Line Drive, 78M, EV 95.0 MPH)
|
Batting: RHB Keith Hoffman
|
0-0: Ball 1-0: Foul Ball, location: 2F 1-1: Swinging Strike 1-2: Fly out, F9 (Flyball, 9D, EV 105.6 MPH) Runner from 2nd tags up, SAFE at 3rd, no throw by RF
|
Batting: RHB Tony Murray
|
0-0: Called Strike 0-1: Swinging Strike 0-2: DOUBLE (Line Drive, 89M, EV 98.1 MPH) Jon Frederick scores
|
Batting: RHB Jamie Villagrana
|
0-0: Ball 1-0: Ball 2-0: Ball 3-0: Base on Balls
|
Batting: RHB Willie Ochoa
|
0-0: Called Strike 0-1: Swinging Strike 0-2: Foul Ball, location: 2F 0-2: Ball 1-2: Strikes out swinging
|
Top of the 2nd over - 1 run, 2 hits, 0 errors, 2 left on base; Detroit (APP) 1 - Great Falls 0 |
BOTTOM OF THE 2ND |
Great Falls Voyagers batting - Pitching for Detroit (APP) Tigers : RHP Alex Amparo
|
Batting: SHB Matt Childers
|
0-0: Called Strike 0-1: Ball 1-1: Called Strike 1-2: Ball 2-2: Ball 3-2: Foul Ball, location: 2F 3-2: Base on Balls
|
Batting: LHB Carlos Ramirez
|
0-0: Called Strike 0-1: Ball 1-1: Called Strike 1-2: DOUBLE (Line Drive, 7LM, EV 108.1 MPH) Matt Childers to third
|
Batting: RHB Duncan Collins
|
0-0: Called Strike 0-1: Called Strike 0-2: Foul Ball, location: 2F 0-2: Ball 1-2: Ball 2-2: Foul Ball, location: 2F 2-2: Ground out 6-3 (Groundball, 6, EV 80.0 MPH) Matt Childers scores
|
Batting: RHB Chris LaMore
|
0-0: Called Strike 0-1: Foul Ball, location: 2F 0-2: DOUBLE (Line Drive, 3D, EV 98.8 MPH) Carlos Ramirez scores
|
Batting: RHB Billy Grubbs
|
0-0: Called Strike 0-1: Ground out U3 (Groundball, 34, EV 85.6 MPH) Chris LaMore to third
|
Batting: RHB Juan Tovar
|
0-0: Ball 1-0: DOUBLE (Flyball, 8LXD, EV 105.6 MPH) Chris LaMore scores
|
Batting: RHB Kasey Bland
|
0-0: Ball 1-0: Foul Ball, location: 2F 1-1: Swinging Strike 1-2: Strikes out swinging
|
Bottom of the 2nd over - 3 runs, 3 hits, 0 errors, 1 left on base; Detroit (APP) 1 - Great Falls 3 |
TOP OF THE 3RD |
Detroit (APP) Tigers batting - Pitching for Great Falls Voyagers : LHP Nick Hamlin
|
Batting: LHB Bill Ford
|
0-0: Called Strike 0-1: Foul Ball, location: 2F 0-2: Strikes out swinging
|
Batting: RHB Jose Evangelista
|
0-0: Ball 1-0: Called Strike 1-1: Foul Ball, location: 2F 1-2: Foul Ball, location: 2F 1-2: Ball 2-2: Strikes out swinging
|
Batting: LHB Jon Pedlar
|
0-0: Ball 1-0: Swinging Strike 1-1: Foul Ball, location: 2F 1-2: Ball 2-2: Strikes out swinging
|
Top of the 3rd over - 0 runs, 0 hits, 0 errors, 0 left on base; Detroit (APP) 1 - Great Falls 3 |
BOTTOM OF THE 3RD |
Great Falls Voyagers batting - Pitching for Detroit (APP) Tigers : RHP Alex Amparo
|
Batting: RHB Josh Newby
|
0-0: Foul Ball, location: 2F 0-1: Called Strike 0-2: Ball 1-2: Ball 2-2: Fly out, F8 (Flyball, 8LD, EV 93.8 MPH)
|
Batting: LHB Josh Pittman
|
0-0: Ball 1-0: Ball 2-0: Ball 3-0: Called Strike 3-1: Called Strike 3-2: Ground out 3-1 (Groundball, 34, EV 80.0 MPH)
|
Batting: SHB Matt Childers
|
0-0: Ball 1-0: Ball 2-0: Ball 3-0: Base on Balls
|
Batting: LHB Carlos Ramirez
|
0-0: Ball 1-0: Ball 2-0: Ball 3-0: Base on Balls Matt Childers to second
|
Batting: RHB Duncan Collins
|
0-0: Swinging Strike 0-1: Ball 1-1: Ball 2-1: SINGLE (Popup, 6D, EV 46.2 MPH) Matt Childers to third Carlos Ramirez to second Runner from 3rd tries for Home, SAFE, throw by SS to home
|
Batting: RHB Chris LaMore
|
0-0: Called Strike 0-1: Ball 1-1: Ball 2-1: Ball 3-1: Base on Balls Carlos Ramirez to third Duncan Collins to second
|
Batting: RHB Billy Grubbs
|
0-0: Ball 1-0: Swinging Strike 1-1: Foul Ball, location: 2RF, Error on foul ball, E2 1-2: DOUBLE (Line Drive, 89D, EV 100.6 MPH) Carlos Ramirez scores Duncan Collins scores Chris LaMore to third
|
Pitching: RHP Jerome Stady
|
|
Batting: RHB Juan Tovar
|
0-0: Ball 1-0: Ball 2-0: Reached on error, E4 (Groundball, 4, EV 87.5 MPH) Chris LaMore scores Billy Grubbs scores
|
Batting: RHB Kasey Bland
|
0-0: Called Strike 0-1: Ball 1-1: Called Strike 1-2: SINGLE (Groundball, 25, EV 74.4 MPH) (infield hit) Juan Tovar to third
|
Batting: RHB Josh Newby
|
0-0: Foul Ball, location: 2F 0-1: Foul Ball, location: 2F 0-2: Ball 1-2: Fly out, F8 (Line Drive, 8LM, EV 90.6 MPH)
|
Bottom of the 3rd over - 5 runs, 3 hits, 2 errors, 2 left on base; Detroit (APP) 1 - Great Falls 8 |
TOP OF THE 4TH |
Detroit (APP) Tigers batting - Pitching for Great Falls Voyagers : LHP Nick Hamlin
|
Batting: SHB Ross Holland
|
0-0: Ball 1-0: Foul Ball, location: 2F 1-1: Swinging Strike 1-2: Ball 2-2: Foul Ball, location: 2F 2-2: Foul Ball, location: 2F 2-2: SINGLE (Groundball, 4D, EV 108.1 MPH)
|
Batting: LHB Jon Frederick
|
0-0: Called Strike 0-1: Foul Ball, location: 2F 0-2: Ball 1-2: Ball 2-2: SINGLE (Groundball, 6D, EV 101.2 MPH) Ross Holland to second
|
Batting: RHB Keith Hoffman
|
0-0: Ball 1-0: Called Strike 1-1: Ball 2-1: Foul Ball, location: 2F 2-2: SINGLE (Line Drive, 89S, EV 88.8 MPH) Ross Holland to third Jon Frederick to second
|
Batting: RHB Tony Murray
|
0-0: Called Strike 0-1: Ball 1-1: Called Strike 1-2: Ball 2-2: Ball 3-2: Base on Balls Ross Holland scores Jon Frederick to third Keith Hoffman to second
|
Batting: RHB Jamie Villagrana
|
0-0: Ball Passed Ball! Jon Frederick scores Keith Hoffman to third Tony Murray to second 1-0: Swinging Strike 1-1: Ball 2-1: Ball 3-1: Base on Balls
|
Batting: RHB Willie Ochoa
|
0-0: Swinging Strike 0-1: Foul Ball, location: 2F 0-2: Strikes out swinging
|
Batting: LHB Bill Ford
|
0-0: Called Strike 0-1: Ball 1-1: Fielders Choice at 2nd, 3-6 (Groundball, 3, EV 80.0 MPH) Keith Hoffman scores Tony Murray to third
|
Batting: RHB Jose Evangelista
|
0-0: Ball Bill Ford is caught stealing 2nd base 2-4
|
Top of the 4th over - 3 runs, 3 hits, 0 errors, 1 left on base; Detroit (APP) 4 - Great Falls 8 |
BOTTOM OF THE 4TH |
Great Falls Voyagers batting - Pitching for Detroit (APP) Tigers : RHP Jerome Stady
|
Batting: LHB Josh Pittman
|
0-0: Called Strike 0-1: Called Strike 0-2: Ball 1-2: Ball 2-2: Ball 3-2: Base on Balls
|
Batting: SHB Matt Childers
|
0-0: Called Strike 0-1: Ball Passed Ball! Josh Pittman to second 1-1: Ball 2-1: Ball 3-1: Foul Ball, location: 2F 3-2: Ground out 4-3 (Groundball, 4, EV 88.1 MPH) Josh Pittman to third
|
DELAY
|
Rain delay of 20 minutes in the 4th inning.
|
Batting: LHB Carlos Ramirez
|
0-0: Swinging Strike 0-1: Called Strike 0-2: Ball 1-2: Strikes out swinging
|
Batting: RHB Duncan Collins
|
0-0: Ball Wild Pitch! Josh Pittman scores 1-0: Fly out, F8 (Flyball, 78D, EV 98.8 MPH)
|
Bottom of the 4th over - 1 run, 0 hits, 0 errors, 0 left on base; Detroit (APP) 4 - Great Falls 9 |
TOP OF THE 5TH |
Detroit (APP) Tigers batting - Pitching for Great Falls Voyagers : LHP Nick Hamlin
|
Batting: RHB Jose Evangelista
|
0-0: Ball 1-0: Swinging Strike 1-1: Foul Ball, location: 2F 1-2: Strikes out looking
|
Batting: LHB Jon Pedlar
|
0-0: Called Strike 0-1: DOUBLE (Flyball, 78D, EV 108.8 MPH)
|
Batting: SHB Ross Holland
|
0-0: Ball 1-0: Foul Ball, location: 2F 1-1: Swinging Strike 1-2: Ball 2-2: Ball 3-2: Ground out 6-3 (Groundball, 6, EV 80.0 MPH)
|
Pitching: LHP Jeremy Soliday
|
|
Batting: LHB Jon Frederick
|
0-0: Ball 1-0: Ground out 4-3 (Groundball, 34D, EV 107.5 MPH)
|
Top of the 5th over - 0 runs, 1 hit, 0 errors, 1 left on base; Detroit (APP) 4 - Great Falls 9 |
BOTTOM OF THE 5TH |
Great Falls Voyagers batting - Pitching for Detroit (APP) Tigers : RHP Jerome Stady
|
Batting: RHB Chris LaMore
|
0-0: Called Strike 0-1: Swinging Strike 0-2: Strikes out swinging
|
Batting: RHB Billy Grubbs
|
0-0: Swinging Strike 0-1: Ball 1-1: Ball 2-1: Ball 3-1: Ground out 4-3 (Groundball, 4M, EV 84.4 MPH)
|
Batting: RHB Juan Tovar
|
0-0: Called Strike 0-1: Ball 1-1: Ball 2-1: Foul Ball, location: 2F 2-2: Ball 3-2: Foul Ball, location: 2F 3-2: Foul Ball, location: 2F 3-2: Foul Ball, location: 2F 3-2: Strikes out swinging
|
Bottom of the 5th over - 0 runs, 0 hits, 0 errors, 0 left on base; Detroit (APP) 4 - Great Falls 9 |
TOP OF THE 6TH |
Detroit (APP) Tigers batting - Pitching for Great Falls Voyagers : LHP Jeremy Soliday
|
Batting: RHB Keith Hoffman
|
0-0: Fly out, F7 (Flyball, 78M, EV 83.8 MPH)
|
Batting: RHB Tony Murray
|
0-0: Called Strike 0-1: Ground out 6-3 (Groundball, 6, EV 88.1 MPH)
|
Batting: RHB Jamie Villagrana
|
0-0: Ball 1-0: Ball 2-0: Called Strike 2-1: Foul Ball, location: 2F 2-2: Ball 3-2: Base on Balls
|
Batting: RHB Willie Ochoa
|
0-0: Ball 1-0: SINGLE (Line Drive, 34D, EV 103.1 MPH) Jamie Villagrana to second Runner from 2nd tries for 3rd, SAFE, throw by RF made to third
|
Batting: LHB Bill Ford
|
0-0: Ball 1-0: Foul Ball, location: 2F 1-1: Foul Ball, location: 2F 1-2: Ball 2-2: Ball 3-2: Ground out 4-3 (Groundball, 34, EV 80.0 MPH)
|
Top of the 6th over - 0 runs, 1 hit, 0 errors, 2 left on base; Detroit (APP) 4 - Great Falls 9 |
BOTTOM OF THE 6TH |
Great Falls Voyagers batting - Pitching for Detroit (APP) Tigers : RHP Jerome Stady
|
Pitching: RHP Tony Kepp
|
|
Batting: RHB Kasey Bland
|
0-0: Ball 1-0: DOUBLE (Line Drive, 9LM, EV 93.1 MPH)
|
Batting: RHB Josh Newby
|
0-0: Called Strike 0-1: Ball 1-1: Ball 2-1: Called Strike 2-2: Ball 3-2: Foul Ball, location: 2F 3-2: Foul Ball, location: 2F 3-2: Base on Balls
|
Batting: LHB Josh Pittman
|
0-0: Ball 1-0: Foul Ball, location: 2F 1-1: Ball 2-1: Fly out, F9 (Flyball, 9, EV 88.1 MPH) Runner from 2nd tags up, SAFE at 3rd with throw by RF
|
Batting: SHB Matt Childers
|
0-0: Ball 1-0: Foul Ball, location: 2F 1-1: 3-RUN HOME RUN (Flyball, 9D, EV 100.0 MPH), Distance : 382 ft
|
Batting: LHB Carlos Ramirez
|
0-0: Called Strike 0-1: Foul Ball, location: 2F 0-2: Ball 1-2: Ball 2-2: SINGLE (Groundball, 4D, EV 98.8 MPH)
|
Batting: RHB Duncan Collins
|
0-0: Ball 1-0: Ball 2-0: Foul Ball, location: 2F 2-1: Called Strike 2-2: Strikes out looking
|
Batting: RHB Chris LaMore
|
0-0: Called Strike 0-1: Fielders Choice at 2nd, 6-4 (Groundball, 6, EV 98.8 MPH)
|
Bottom of the 6th over - 3 runs, 3 hits, 0 errors, 1 left on base; Detroit (APP) 4 - Great Falls 12 |
TOP OF THE 7TH |
Detroit (APP) Tigers batting - Pitching for Great Falls Voyagers : LHP Jeremy Soliday
|
Batting: RHB Cory Wilkins
|
0-0: Ball 1-0: Ball 2-0: Foul Ball, location: 2F 2-1: Foul Ball, location: 2F 2-2: Ball 3-2: Strikes out swinging
|
Batting: LHB Jon Pedlar
|
0-0: Ball 1-0: Foul Ball, location: 2F 1-1: Foul Ball, location: 2F 1-2: Ball 2-2: Ball 3-2: Base on Balls
|
Pitching: LHP Matt Donnelly
|
|
Batting: SHB Ross Holland
|
0-0: Ball 1-0: Swinging Strike 1-1: Called Strike 1-2: Fielders Choice at 2nd, U6 (Groundball, 4M, EV 90.0 MPH)
|
Batting: LHB Jon Frederick
|
0-0: Swinging Strike 0-1: Called Strike 0-2: Ball 1-2: Ball 2-2: Foul Ball, location: 2F 2-2: Strikes out looking
|
Top of the 7th over - 0 runs, 0 hits, 0 errors, 1 left on base; Detroit (APP) 4 - Great Falls 12 |
BOTTOM OF THE 7TH |
Great Falls Voyagers batting - Pitching for Detroit (APP) Tigers : RHP Tony Kepp
|
Batting: RHB Billy Grubbs
|
0-0: Called Strike 0-1: Ball 1-1: Ball 2-1: Foul Ball, location: 2F 2-2: Ball 3-2: Strikes out swinging
|
Batting: RHB Juan Tovar
|
0-0: Ball 1-0: Ball 2-0: Ball 3-0: Called Strike 3-1: Base on Balls
|
Pitching: LHP Josh Sinclair
|
|
Batting: RHB Kasey Bland
|
0-0: Called Strike 0-1: Ball 1-1: Swinging Strike 1-2: Ball 2-2: Ball 3-2: Foul Ball, location: 2F 3-2: DOUBLE (Line Drive, 7D, EV 93.1 MPH) Juan Tovar to third
|
Batting: RHB Josh Newby
|
0-0: Foul Ball, location: 2F 0-1: Ball 1-1: Called Strike 1-2: Ball 2-2: Foul Ball, location: 2F 2-2: Ball 3-2: Base on Balls
|
Pinch Hitting: RHB Vic Lucatero
|
0-0: Ball 1-0: Foul Ball, location: 2F 1-1: Foul Ball, location: 2F 1-2: Foul Ball, location: 2F 1-2: DOUBLE (Line Drive, 7LM, EV 103.8 MPH) Juan Tovar scores Kasey Bland scores Josh Newby to third
|
Batting: SHB Matt Childers
|
0-0: Ball 1-0: Fly out, F3 (Popup, 3SF, EV 78.1 MPH)
|
Batting: LHB Carlos Ramirez
|
0-0: Ball 1-0: Ball 2-0: Called Strike 2-1: Ball 3-1: Base on Balls
|
Batting: RHB Duncan Collins
|
0-0: Swinging Strike 0-1: Ball 1-1: SINGLE (Groundball, 6MD, EV 108.1 MPH) Josh Newby scores Vic Lucatero to third Carlos Ramirez to second Runner from 3rd tries for Home, throw by CF and OUT! 8-2
|
Bottom of the 7th over - 3 runs, 3 hits, 0 errors, 2 left on base; Detroit (APP) 4 - Great Falls 15 |
TOP OF THE 8TH |
Detroit (APP) Tigers batting - Pitching for Great Falls Voyagers : LHP Matt Donnelly
|
Now in LF: Vic Lucatero
|
|
Batting: RHB Keith Hoffman
|
0-0: Ball 1-0: Ball 2-0: Foul Ball, location: 2F 2-1: Fly out, F9 (Flyball, 9LD, EV 106.2 MPH)
|
Batting: RHB Tony Murray
|
0-0: SINGLE (Groundball, 34D, EV 100.0 MPH)
|
Pinch Hitting: RHB Billy Verdusco
|
0-0: Swinging Strike 0-1: Ball 1-1: SINGLE (Groundball, 4MD, EV 101.9 MPH) Tony Murray to second
|
Batting: RHB Willie Ochoa
|
0-0: Swinging Strike 0-1: Foul Ball, location: 2F 0-2: Foul Ball, location: 2F 0-2: Strikes out swinging
|
Batting: LHB Bill Ford
|
0-0: Foul Ball, location: 2F 0-1: Called Strike 0-2: Ball 1-2: Ground out U3 (Groundball, 3L, EV 85.0 MPH)
|
Top of the 8th over - 0 runs, 2 hits, 0 errors, 2 left on base; Detroit (APP) 4 - Great Falls 15 |
BOTTOM OF THE 8TH |
Great Falls Voyagers batting - Pitching for Detroit (APP) Tigers : LHP Josh Sinclair
|
Now at SS: Billy Verdusco
|
|
Batting: RHB Chris LaMore
|
0-0: Swinging Strike 0-1: Ball 1-1: Ground out 6-3 (Groundball, 6S, EV 78.8 MPH)
|
Batting: RHB Billy Grubbs
|
0-0: Called Strike 0-1: Foul Ball, location: 2F 0-2: Ball 1-2: Ball 2-2: Foul Ball, location: 2F 2-2: Reached on error, E6 (Groundball, 6, EV 86.9 MPH)
|
Pitching: RHP Luis Brown
|
|
Batting: RHB Juan Tovar
|
0-0: Fielders Choice at 2nd, 4-6 (Groundball, 4, EV 101.9 MPH)
|
Batting: RHB Kasey Bland
|
0-0: SINGLE (Groundball, 6S, EV 72.5 MPH) (infield hit) Juan Tovar to second
|
Batting: RHB Josh Newby
|
0-0: Ball 1-0: Foul Ball, location: 2F 1-1: Ball 2-1: Ball 3-1: Foul Ball, location: 2F 3-2: Foul Ball, location: 2F 3-2: Foul Ball, location: 2F 3-2: Foul Ball, location: 2F 3-2: SINGLE (Line Drive, 5D, EV 103.1 MPH) Juan Tovar to third Kasey Bland to second Juan Tovar scores Kasey Bland to third
|
Batting: RHB Vic Lucatero
|
0-0: Ball 1-0: Called Strike 1-1: Foul Ball, location: 2F 1-2: Ball 2-2: Ground out 1-3 (Groundball, 13, EV 66.9 MPH)
|
Bottom of the 8th over - 1 run, 2 hits, 1 error, 2 left on base; Detroit (APP) 4 - Great Falls 16 |
TOP OF THE 9TH |
Detroit (APP) Tigers batting - Pitching for Great Falls Voyagers : LHP Matt Donnelly
|
Batting: RHB Cory Wilkins
|
0-0: Foul Ball, location: 2F 0-1: Called Strike 0-2: Ball 1-2: Foul Ball, location: 2F 1-2: Ball 2-2: Ball 3-2: Ground out 4-3 (Groundball, 4D, EV 83.1 MPH)
|
Pitching: RHP Maury Compson
|
|
Batting: LHB Jon Pedlar
|
0-0: Ball 1-0: Called Strike 1-1: Ball 2-1: DOUBLE (Groundball, 3L, EV 105.6 MPH)
|
Batting: SHB Ross Holland
|
0-0: Called Strike 0-1: Ground out 5-3 (Groundball, 5, EV 82.5 MPH)
|
Batting: LHB Jon Frederick
|
0-0: Called Strike 0-1: Called Strike 0-2: Ball 1-2: Foul Ball, location: 2F 1-2: Fly out, F7 (Flyball, 7LS, EV 80.6 MPH)
|
Top of the 9th over - 0 runs, 1 hit, 0 errors, 1 left on base; Detroit (APP) 4 - Great Falls 16 |
|